 Dungeon Crawl Stone Soup version 0.29-a0-559-g359e09b9d1 (webtiles) character file.

Game seed: 13027944266065791528

167 2FriedEggs the Magician (level 5, 32/36 HPs)
             Began as a Djinni Ice Elementalist on June 9, 2022.
             Quit the game on level 3 of the Dungeon on June 10, 2022.
             The game lasted 00:04:50 (3019 turns).

2FriedEggs the Magician (Djinni Ice Elementalist)   Turns: 3019, Time: 00:04:50

Health: 32/36      AC:  3    Str:  7    XL:     5   Next: 76%
Gold:   91         EV: 12    Int: 19    God:
                   SH:  0    Dex: 13

rFire   + + .      SeeInvis .   s - +2 dagger (protect)
rCold   x . .      Faith    .   (no shield)
rNeg    . . .      Spirit   .   a - +0 robe
rPois   ∞          Reflect  .   (no helmet)
rElec   .          Harm     .   h - +0 cloak
rCorr   .          Rampage  .   (no gloves)
Will    .....                   (boots unavailable)
Stlth   ++........              (no amulet)
HPRegen 0.12/turn               (no ring)
MPRegen 0.00/turn               (no ring)

@: freezing walls, flying
A: sickness immunity, fire resistance 2, cold vulnerability 1, float, innate
caster, HP casting, extra vitality 1
a: no special abilities


You were on level 3 of the Dungeon.
You visited 1 branch of the dungeon, and saw 3 of its levels.

You collected 91 gold pieces.

Inventory:

Hand Weapons
 s - a +2 dagger of protection (weapon)
Missiles
 e - 2 poisoned darts
 k - 2 throwing nets
Armour
 a - a +0 robe (worn)
 h - a +0 cloak (worn)
Scrolls
 d - 3 scrolls of teleportation {unknown}
 f - 2 scrolls of fog {unknown}
 g - 4 scrolls of identify {unknown}
 o - a scroll of noise {unknown}
 r - a scroll of fear {unknown}
Potions
 b - a potion of curing {unknown}
 i - a potion of attraction {unknown}
 j - a potion of cancellation {unknown}
 l - a potion of brilliance {unknown}
 m - a potion of flight {unknown}
 n - a potion of haste {unknown}
 q - 2 potions of berserk rage {unknown}


   Skills:
 - Level 0.7 Fighting
 - Level 2.1 Dodging
 - Level 1.5 Stealth
 * Level 5.1 Spellcasting


You couldn't memorise any spells.
You knew the following spells:

 Your Spells              Type           Power      Damage    Failure   Level
a - Freeze                Ice            96%        1d11      1%          1
b - Frozen Ramparts       Ice            48%        1d6       4%          3
c - Ozocubu's Armour      Ice            24%        N/A       4%          3
d - Hailstorm             Conj/Ice       24%        3d7       16%         4
e - Apportation           Tloc           48%        N/A       1%          1
f - Wereblood             Tmut           24%        N/A       2%          2
Your spell library was empty.

Dungeon Overview and Level Annotations

Branches:
Dungeon (3/15)

Altars:


Innate Abilities, Weirdness & Mutations

You are immune to sickness and miasma.
You are immune to poison.
Your flesh is very heat resistant. (rF++)
You are vulnerable to cold. (rC-)
You float through the air rather than walking.
You learn spells naturally, not from books.
Your magical power is your life essence.
You have superior vitality. (+4 MHP)


Message History

The orc is heavily wounded.
The orc closely misses you.
An orc comes into view. It is wielding a +0 short sword.
Casting: Freeze (safe; 1% risk of failure)
Confirm with . or Enter, or press ? or * to list all spells.
Aiming: Freeze (safe; 1% risk of failure)
Press: ? - help, Shift-Dir - straight line, f/p - orc
Aim: an orc, wielding a +0 whip and wearing a +0 scale mail (heavily wounded)
You freeze the orc.
You kill the orc!
An endoplasm comes into view.
Unknown command.
Casting: Freeze (safe; 1% risk of failure)
Confirm with . or Enter, or press ? or * to list all spells.
Casting: Frozen Ramparts (dangerous; 4% risk of failure)
Press: ? - help, Dir - look around, f - activate The walls around you are covered in ice.
The endoplasm quivers.
The wall freezes the orc.
The orc closely misses you.
Unknown command.
You hit the orc but do no damage.
Your weapon exudes an aura of protection.
The orc is almost dead.
The wall freezes the orc. x2
You kill the orc!
Unknown command.
You closely miss the orc.
The orc is heavily wounded.
The wall freezes the orc.
You kill the orc!
No target in view!
No target in view!
The wall freezes the endoplasm.
You kill the endoplasm!
No target in view!
Saving game... please wait.
Welcome back, 2FriedEggs the Djinni Ice Elementalist.
Press ? for a list of commands and other information.
Unknown command.
Are you sure you want to abandon this character and quit the game? (Confirm with "yes".)

..........####..#
###. .##.###....#
. #. #.#.## ..#
#.#.# #. #.#.#
#.###.#.#####.
#............#
#....#.####...
#..[@.....$.
#.#.##)#####. #.
#. #.# . # ...
.... .... ....#
....#


There were no monsters in sight!

Vanquished Creatures
  2 orc priests
  Jessica (D:2)
  An orc wizard (D:3)
  An adder (D:2)
  A worm (D:2)
  2 dart slugs (D:1)
  4 orcs
  5 endoplasms
  4 giant cockroaches
  3 goblins (D:1)
  3 hobgoblins
  A ball python (D:1)
  6 bats
  A frilled lizard (D:1)
  4 kobolds
39 creatures vanquished.

Vanquished Creatures (others)
  4 toadstools (D:1)
4 creatures vanquished.

Grand Total: 43 creatures vanquished

Notes
Turn   | Place    | Note
-------+----------+-------------------------------------------
     0 | D:1      | 2FriedEggs the Djinni Ice Elementalist began the quest for
                  | the Orb.
     0 | D:1      | Reached XP level 1. HP: 15/15 MP: 0/0
   388 | D:1      | Reached XP level 2. HP: 11/22 MP: 0/0
  1407 | D:1      | Reached XP level 3. HP: 19/26 MP: 0/0
  1407 | D:1      | Learned a level 1 spell: Apportation
  1752 | D:2      | Reached skill level 4 in Spellcasting
  2105 | D:2      | Noticed Jessica
  2106 | D:2      | Found a faded altar of an unknown god.
  2115 | D:2      | Killed Jessica
  2116 | D:2      | Reached XP level 4. HP: 17/31 MP: 0/0
  2657 | D:3      | Reached XP level 5. HP: 31/36 MP: 0/0
  2657 | D:3      | Learned a level 2 spell: Wereblood
  2935 | D:3      | Reached skill level 5 in Spellcasting
  3019 | D:3      | Upgraded the game from 0.29-a0-557-g43b9904bd1 to
                  | 0.29-a0-559-g359e09b9d1
  3019 | D:3      | Quit the game

Illustrated notes

Levels and vault maps discovered:
D:1:      ldierk_water_garden, layout_loops_ring, minmay_surrounded
D:2:      layout_rooms, chequers_ecumenical_altar_simple, uniq_jessica
D:3:      layout_loops_ring, gammafunk_ghost_cemetery

Skill      XL: |  1  2  3  4  5 |
---------------+----------------+-----
Spellcasting   | 4 5 |  5.1
Fighting       | |  0.7
Dodging        | |  2.1
Stealth        | |  1.5

Action                   |  1- 3 |  4- 6 || total
-------------------------+-------+-------++-------
Melee: Short sword       |     2 |       ||     2
       Whip              |       |     3 ||     3
       Dagger            |       |     2 ||     2
 Cast: Freeze            |    46 |    14 ||    60
       Frozen Ramparts   |     5 |     2 ||     7
       Hailstorm         |       |     1 ||     1
Armor: Robe              |    16 |     2 ||    18
Dodge: Dodged            |    24 |    12 ||    36

Table legend: (Time is in decaauts)
 A = Elapsed time spent in this place.
 B = Non-inter-level travel time spent in this place.
 C = Inter-level travel time spent in this place.
 D = Time resting spent in this place.
 E = Time spent auto-exploring this place.
 F = Levels seen in this place.
 G = Mean time per level.
                   A        B        C        D        E       F      G
               +--------+--------+--------+--------+--------+-----+--------+
         Total |   3020 |   2962 |     58 |    982 |   1691 |   3 | 1006.7 |
       Dungeon |   3020 |   2962 |     58 |    982 |   1691 |   3 | 1006.7 |
               +--------+--------+--------+--------+--------+-----+--------+

Top non-repeatable levels by time:
     D:1: 1748 daAuts
     D:2: 1134 daAuts
     D:3: 138 daAuts
